 Dungeon Crawl Stone Soup version 0.30.1-4-g462c640d31 (webtiles) character file.

Game seed: 10114787989154309759

13 Anriel the Ducker (level 2, 0/22 HPs)
             Began as a Human Gladiator on Aug 24, 2023.
             Succumbed to a kobold's poison
             ... on level 1 of the Dungeon.
             The game lasted 00:02:42 (441 turns).

Anriel the Ducker (Human Gladiator)                  Turns: 441, Time: 00:02:42

Health: 0/22       AC:  4    Str: 14    XL:     2   Next: 50%
Magic:  2/2        EV: 12    Int:  8    God:
Gold:   44         SH:  5    Dex: 14    Spells: 1/1 levels left

rFire   . . .        a - +0 flail
rCold   . . .        (no shield)
rNeg    . . .        b - +0 leather armour
rPois   .            m - +0 helmet
rElec   .            (no cloak)
rCorr   .            (no gloves)
SInv    +            (no boots)
Will    .....        h - amulet of reflection
Stlth   +            j - ring of see invisible
HPRegen 0.23/turn    (no ring)
MPRegen 0.08/turn

%: reflection
@: lethally poisoned (0 -> -14)
A: no striking features
a: no special abilities


You were on level 1 of the Dungeon.
You visited 1 branch of the dungeon, and saw 1 of its levels.

You collected 44 gold pieces.

Inventory:

Hand Weapons
 a - a +0 flail (weapon)
Missiles
 d - 3 throwing nets (quivered)
Armour
 b - a +0 leather armour (worn)
 m - a +0 helmet (worn)
Jewellery
 h - an amulet of reflection (around neck)
 j - a ring of see invisible (left hand)
Scrolls
 g - 2 scrolls of identify {unknown}
 i - a scroll of noise {unknown}
 k - a scroll of fear {unknown}
Potions
 e - a potion of resistance {unknown}
 f - a potion of flight {unknown}
 l - a potion of mutation {unknown}


   Skills:
 + Level 2.2 Fighting
 - Level 3.0 Maces & Flails
 + Level 2.2 Throwing
 * Level 1.2 Armour
 - Level 3.0 Dodging


You had one spell level left.
You didn't know any spells.
Your spell library was empty.

Dungeon Overview and Level Annotations

Branches:
Dungeon (1/15)

Altars:


Message History

There is an open door here.
You see here a stone.
Found a scroll labelled NIEDUT IRCHI.
Found a puce potion.
g - 2 scrolls labelled NIEDUT IRCHI (gained 1)
l - a puce potion
Found a helmet.
You see here a +0 helmet.
m - a +0 helmet You start removing your armour.
You continue taking off your +0 helmet. x4
You finish taking off your +0 helmet.
You start putting on your armour.
You continue putting on your +0 helmet. x5
You finish putting on your +0 helmet.
You drop a +0 helmet.
Found 4 stones.
Found a faded altar of an unknown god.
A kobold comes into view.
It is wielding a +2 short sword of venom.
The kobold shouts!
A hobgoblin comes into view.
The hobgoblin shouts!
An endoplasm comes into view.
The endoplasm moves out of view.
You see here 4 stones.
The kobold closely misses you.
You closely miss the kobold.
A kobold comes into view. It is wielding a +0 short sword.
The kobold hits you with a +2 short sword of venom.
You are poisoned.
The hobgoblin closely misses you. The kobold attacks as you move away!
The kobold hits you with a +2 short sword of venom.
You are lethally poisoned!
You feel very sick.
You see here 4 stones.
The kobold attacks as you move away!
The kobold hits you with a +2 short sword of venom.
* * * LOW HITPOINT WARNING * * *
You feel very sick. The kobold attacks as you move away! The kobold misses you.
You die...

......K...................
.........###..............
.........................
#....... ...###......#...
#...♣J.####............#.
. ♣...........(.........
#..P♣♣PKg...##########.#.
#.♣P_.P♣.##....[# ###.#.
#..P...@##.###.####.....
##..♣...............#.##
#########.###.##.....##
#.# #.##...#.## ###
####.....## #.#.####
#.#..... #.###### #.#


You could see an endoplasm, a hobgoblin and a kobold.

Vanquished Creatures
  A dart slug (D:1)
  3 endoplasms (D:1)
  A giant cockroach (D:1)
  2 quokkas (D:1)
  A bat (D:1)
  2 kobolds (D:1)
10 creatures vanquished.

Notes
Turn   | Place    | Note
-------+----------+-------------------------------------------
     0 | D:1      | Anriel the Human Gladiator began the quest for the Orb.
     0 | D:1      | Reached XP level 1. HP: 16/16 MP: 1/1
   258 | D:1      | Reached skill level 1 in Armour
   258 | D:1      | Reached XP level 2. HP: 18/22 MP: 2/2
   431 | D:1      | Found a faded altar of an unknown god.
   441 | D:1      | Succumbed to a kobold's poison

Illustrated notes

Levels and vault maps discovered:
D:1:      sevenhm_arrival_forest_fort_large_3, layout_basic,
          ebering_ecumenical_altar_petrified

Skill      XL: |  1 |
---------------+----+-----
Armour         | 1 |  1.2
Fighting       | |  2.2
Maces & Flails | |  3.0
Throwing       | |  2.2
Dodging        | |  3.0

Action                     || total
---------------------------++-------
  Melee: Flail             ||    29
  Throw: Javelin           ||     2
 Armour: Leather armour    ||     4
  Dodge: Dodged            ||    26
  Block: Other             ||     7
